 Seeded DCSS version 0.29.1-13-g9f3cf754e1 (webtiles) character file.

Game seed: 16245865983455551772 (custom seed)

4 OTABOTABOTAB the Caller (level 1, 0/11 HPs)
             Began as an Octopode Summoner on Jan 24, 2023.
             Slain by a quokka (4 damage)
             ... on level 1 of the Dungeon.
             The game lasted 00:00:45 (136 turns).

OTABOTABOTAB the Caller (Octopode Summoner)          Turns: 136, Time: 00:00:45

Health: 0/11       AC:  1    Str:  7    XL:     1   Next: 60%
Magic:  0/3        EV: 13    Int: 17    God:
Gold:   0          SH:  0    Dex: 12    Spells: 3/4 levels left

rFire   . . .      SeeInvis .   a - +0 sling
rCold   . . .      Faith    .   (no shield)
rNeg    . . .      Spirit   .   (helmet restricted)
rPois   .          Reflect  .   (no amulet)
rElec   .          Harm     .   (no ring)
rCorr   .          Rampage  .   (no ring)
Will    .....                   (no ring)
Stlth   +++.......              (no ring)
HPRegen 0.03/turn               (no ring)
MPRegen 0.08/turn               (no ring)
                                (no ring)
                                (no ring)

@: no status effects
A: almost no armour, amphibious, 8 rings, camouflage 1, gelatinous body 1,
(nimble swimmer 1), tentacles
a: no special abilities


You were on level 1 of the Dungeon.
You visited 1 branch of the dungeon, and saw 1 of its levels.

Inventory:

Hand Weapons
 a - a +0 sling (weapon)
   (You found it on level 1 of the Dungeon)
Scrolls
 b - 3 scrolls of acquirement {unknown}
Potions
 M - a potion of magic


   Skills:
 + Level 2.1 Dodging
 + Level 2.8 Stealth
 + Level 2.0 Spellcasting
 + Level 4.0 Summonings


You had 3 spell levels left.
You knew the following spells:

 Your Spells              Type           Power      Damage    Failure   Level
a - Summon Small Mammal   Summ           60%        N/A       3%          1

Your spell library contained the following spells:

 Spells                   Type           Power      Damage    Failure   Level
 Call Imp                 Summ           15%        N/A       5%          2
 Call Canine Familiar     Summ           15%        N/A       11%         3
 Summon Guardian Golem    Hex/Summ       8%         N/A       26%         3
 Summon Lightning Spire   Summ/Air       8%         N/A       63%         4


Dungeon Overview and Level Annotations

Branches:
Dungeon (1/15)

Altars:


Innate Abilities, Weirdness & Mutations

You cannot wear most types of armour.
You are amphibious.
You can wear up to eight rings at the same time.
Your skin changes colour to match your surroundings (Stealth+).
Your rubbery body absorbs attacks. (AC +1, EV +1)
((You are camouflaged when in or above water. (Stealth+)))
You have tentacles for arms and can constrict up to eight enemies at once.


Message History

Unknown command.
Unknown command.
Unknown command.
Unknown command.
Unknown command.
Saving game... please wait.
Bad channel name for runrest: 'Jiyva says: Divide and consume' Welcome back, OTABOTABOTAB the Octopode Summoner.
Game seed: 16245865983455551772 (custom seed) Fire: a) +0 sling
Aim: a quokka (lightly wounded, ally target, 38% to hit)
You shoot a sling bullet. The sling bullet hits the quokka.
You kill the quokka!
Your rat disappears in a puff of smoke!
Your rat disappears in a puff of smoke!
An endoplasm comes into view.
The endoplasm quivers.
MP restored: 3 You now have 2/3 mp.
You miscast Summon Small Mammal.
You are very lightly contaminated with residual magic.
Nothing appears to happen.
You now have 1/3 mp.
What are your orders? t - Shout!
Orders for allies: a - Attack new target. r - Retreat! s - Stop attacking. g - Guard the area. f - Follow me.
Anything else - Cancel.
Okay, then.
Unknown command.
Unknown command.
Your bat hits the endoplasm but does no damage.
The endoplasm closely misses your bat.
You now have 0/3 mp.
Your bat barely misses the endoplasm.
The endoplasm completely misses your bat.
Your bat hits the endoplasm but does no damage.
What are your orders? t - Shout!
Orders for allies: a - Attack new target. r - Retreat! s - Stop attacking. g - Guard the area. f - Follow me.
Anything else - Cancel.
Gang up on whom?
Aim: an endoplasm (ally target) Attack!
Your bat hits the endoplasm.
Your quokka bites the endoplasm.
Fire: a) +0 sling
Aim: an endoplasm (severely wounded, ally target, 83% to hit)
You shoot a sling bullet. The sling bullet hits the endoplasm.
You kill the endoplasm!
Your magical contamination has completely faded away.
Your bat disappears in a puff of smoke!
Your quokka disappears in a puff of smoke!
b - 3 scrolls labelled WAC GOIFOFITOUPLEC MP restored: 3 A quokka comes into view.
The quokka moves out of view.
A quokka and an endoplasm come into view.
The endoplasm quivers.
You shoot a sling bullet.
The sling bullet closely misses the quokka.
You shoot a sling bullet.
The sling bullet closely misses the quokka.
The quokka misses you. The quokka bites you. x2
You take 4 damage, and have 7/11 hp.
MASSIVE DAMAGE!!
You now have 2/3 mp.
The quokka attacks as you move away! The quokka bites you.
Your bat misses the quokka.
The endoplasm completely misses your bat.
Your bat hits the quokka but does no damage.
You take 3 damage, and have 4/11 hp.
MASSIVE DAMAGE!!
Your bat barely misses the quokka.
The quokka bites you.
* * * LOW HITPOINT WARNING * * *
Your bat hits the endoplasm but does no damage.
You take 1 damage, and have 3/11 hp.
You now have 1/3 mp.
Your bat closely misses the quokka.
The quokka barely misses your bat.
Your bat hits the endoplasm.
Your bat closely misses the quokka.
Your bat completely misses the quokka.
Your bat hits the endoplasm.
Your bat disappears in a puff of smoke!
The quokka bites your rat.
Your rat dies!
Your rat's corpse disappears in a puff of smoke!
You now have 0/3 mp.
Your bat closely misses the quokka.
Something hits your bat.
You don't have enough magic to cast this spell.
Your bat barely misses the quokka.
Your bat closely misses the quokka.
Your bat hits the quokka but does no damage.
The endoplasm closely misses your bat.
Your bat hits the quokka but does no damage.
The quokka closely misses you.
Your bat closely misses the quokka.
Your bat hits the endoplasm but does no damage.
The quokka attacks as you move away! The quokka bites you.
You die...

###### # ..##.. .#
#.##.# #.#
#.##.######..####.
#.#.###.##.#............
.......@r.bJ.#..#.....#.
....###.##...#..#.....#
. #.#...###.##...##
..#...# #..#...#..
####..## ##.##.##..
#..#.. #..#!#...
#.##...##.###... ..#....
#..#.... #.....#..#....


You could see an endoplasm, a quokka (ally target) and a friendly bat
(summoned).

Vanquished Creatures
  An endoplasm (D:1)
  A goblin (D:1)
  A quokka (D:1)
3 creatures vanquished.

Notes
Turn   | Place    | Note
-------+----------+-------------------------------------------
     0 | D:1      | OTABOTABOTAB the Octopode Summoner began the quest for the
                  | Orb.
     0 | D:1      | Reached XP level 1. HP: 11/11 MP: 3/3
   136 | D:1      | Slain by a quokka

Illustrated notes

Levels and vault maps discovered:
D:1:      minmay_arrival_hallway, layout_loops_corners, basic_ecumenical_altar,
          minmay_unequal

Action                   || total
-------------------------++-------
 Fire: Sling             ||     8
 Cast: Summon Small Mamm ||     8
Dodge: Dodged            ||     5

Table legend: (Time is in decaauts)
 A = Elapsed time spent in this place.
 B = Non-inter-level travel time spent in this place.
 C = Inter-level travel time spent in this place.
 D = Time resting spent in this place.
 E = Time spent auto-exploring this place.
 F = Levels seen in this place.
 G = Mean time per level.
                   A        B        C        D        E       F      G
               +--------+--------+--------+--------+--------+-----+--------+
         Total |    138 |    138 |      0 |      0 |     92 |   1 |  138.0 |
       Dungeon |    138 |    138 |      0 |      0 |     92 |   1 |  138.0 |
               +--------+--------+--------+--------+--------+-----+--------+

Top non-repeatable levels by time:
     D:1: 138 daAuts

Table legend:
 A = Kills in this place as a percentage of kills in entire the game.
 B = Kills by you in this place as a percentage of kills by you in the entire game.
 C = Kills by friends in this place as a percentage of kills by friends in the entire game.
 D = Other kills in this place as a percentage of other kills in the entire game.
 E = Experience gained in this place as a percentage of experience gained in the entire game.
 F = Experience gained in this place divided by the number of levels of this place that you have seen.
                   A       B       C       D       E      F
               +-------+-------+-------+-------+-------+----------------------
         Total | 100.0 | 100.0 |   N/A |   N/A | 100.0 |   6.0
       Dungeon | 100.0 | 100.0 |   N/A |   N/A | 100.0 |   6.0
               +-------+-------+-------+-------+-------+----------------------
